 Dungeon Crawl Stone Soup version 0.29.1-15-g9cfb28693d (webtiles) character file.

Game seed: 13011782099359524587

92 BiteMe the Firebug (level 4, -1/30 HPs)
             Began as a Demonspawn Fire Elementalist on Mar 11, 2023.
             Slain by an orc
             ... wielding a +0 hand axe
              (4 damage)
             ... on level 2 of the Dungeon.
             The game lasted 00:20:15 (3593 turns).

BiteMe the Firebug (Demonspawn Fire Elementalist)   Turns: 3593, Time: 00:20:16

Health: -1/30      AC:  2    Str:  9    XL:     4   Next: 35%
Magic:  2/7        EV: 12    Int: 18    God:
Gold:   99         SH:  0    Dex: 13    Spells: 4/7 levels left

rFire   . . .      SeeInvis .   l - +2 dagger (venom)
rCold   . . .      Faith    .   (no shield)
rNeg    . . .      Spirit   .   a - +0 robe
rPois   .          Reflect  .   (no helmet)
rElec   .          Harm     .   (no cloak)
rCorr   .          Rampage  .   (no gloves)
Will    .....                   (no boots)
Stlth   ++........              (no amulet)
HPRegen 0.10/turn               (no ring)
MPRegen 0.10/turn               (no ring)

@: flying
A: ignite blood 2, sturdy frame 1
a: no special abilities


You were on level 2 of the Dungeon.
You visited 1 branch of the dungeon, and saw 3 of its levels.

You collected 99 gold pieces.

Inventory:

Hand Weapons
 c - a +0 club
 i - a +0 short sword
 l - a +2 dagger of venom (weapon)
Missiles
 n - 6 silver javelins
Armour
 a - a +0 robe (worn)
 f - a scarf of shadows
 p - a +0 chain mail
Scrolls
 h - 3 scrolls of teleportation
 j - a scroll of magic mapping {unknown}
 k - 2 scrolls of enchant armour {unknown}
 m - a scroll of fear {unknown}
 o - a scroll of butterflies {unknown}
Potions
 b - a potion of magic
 d - a potion of flight
 e - a potion of berserk rage {unknown}
 g - a potion of might {unknown}


   Skills:
 - Level 1.7 Dodging
 - Level 1.7 Stealth
 - Level 2.0 Spellcasting
 * Level 2.2 Conjurations
 * Level 4.3 Fire Magic


You had 4 spell levels left.
You knew the following spells:

 Your Spells              Type           Power      Damage    Failure   Level
a - Foxfire               Conj/Fire      52%        2x1d6     4%          1
b - Scorch                Fire           34%        2d6       4%          2

Your spell library contained the following spells:

 Spells                   Type           Power      Damage    Failure   Level
 Conjure Flame            Conj/Fire      13%        6-21      14%         3
 Inner Flame              Hex/Fire       9%         N/A       22%         3
 Dazzling Flash           Conj/Hex       10%        N/A       34%         3
 Stone Arrow              Conj/Erth      10%        3d7       34%         3
 Flame Wave               Conj/Fire      13%        2d6       43%         4
 Iskenderun's Mystic Bla  Conj/Tloc      5%         2d3       75%         4
 Animate Armour           Summ/Erth      2%         N/A       87%         4
 Starburst                Conj/Fire      6%         6d4       100%        6
 Lehudib's Crystal Spear  Conj/Erth      2%         10d2      100%        8


Dungeon Overview and Level Annotations

Branches:
Dungeon (3/15)

Altars:


Innate Abilities, Weirdness & Mutations

Your demonic aura often causes spilled blood to erupt in flames.
Your movements are slightly less encumbered by armour. (ER -2)


Message History

The foxfire hits the orc but does no damage.
The orc is lightly wounded.
The foxfire hits the orc wizard.
The orc wizard is moderately wounded.
The orc misses you.
An orc comes into view. It is wielding a +0 hand axe.
The orc wizard points at you and mumbles some strange words.
You are confused.
You're too confused to cast spells.
An orc comes into view. It is wielding a +0 short sword.
The orc shouts!
You hear a shout!
The orc hits you with a +0 hand axe.
The orc wizard points at you and mumbles some strange words.
The magic dart hits you. The orc hits you with a +0 hand axe.
The orc closely misses you.
You are too confused!
The orc barely misses you.
The orc shouts!
The orc barely misses you.
There is a stone staircase leading up here.
The orc barely misses you. x2
You climb upwards.
There is a stone staircase leading down here.
You're too confused to cast spells.
You're too confused to cast spells.
You hit the orc.
The orc is poisoned.
The orc is severely wounded.
You feel less confused. The orc closely misses you.
The orc hits you with a +0 hand axe.
* * * LOW HITPOINT WARNING * * *
The orc hits you with a +0 hand axe.
* * * LOW HITPOINT WARNING * * *
The orc attacks as you move away! The orc hits you with a +0 short sword.
* * * LOW HITPOINT WARNING * * *
The orc attacks as you move away! The orc hits you with a +0 hand axe.
* * * LOW HITPOINT WARNING * * *
It was a potion of flight.
You feel very buoyant.
You fly up into the air.
The orc hits you with a +0 hand axe.
You die...

. ########### .
#.........# #### .
#........(# #... ######
#.........# #.## ..#..
#.......o☼# ####.##
_§#.# #......oo@#######
#...)..
§.#.####.........##....#
#.##.##
...÷.............##.##.#
#..#.#
#.##.............##.##.#
#.#.##
..##......######..(.##(#
#..... #.##......#
##.#####.# ###.....
####..<...# #....# #.#
#....... ......#.###
#..#.###.# ###.....
##...)....# ###..#...#.#
#.....


You could see 3 orcs.

Vanquished Creatures
  3 adders (D:2)
  A worm (D:2)
  2 dart slugs
  2 orcs (D:3)
  9 ball pythons
  4 bats
  5 endoplasms
  3 giant cockroaches
  4 hobgoblins
  A quokka (D:1)
  5 frilled lizards
  6 goblins (D:2)
  5 kobolds
  4 rats
54 creatures vanquished.

Vanquished Creatures (others)
  149 foxfires
  12 plants (D:1)
161 creatures vanquished.

Grand Total: 215 creatures vanquished

Notes
Turn   | Place    | Note
-------+----------+-------------------------------------------
     0 | D:1      | BiteMe the Demonspawn Fire Elementalist began the quest for
                  | the Orb.
     0 | D:1      | Reached XP level 1. HP: 13/13 MP: 3/3
   417 | D:1      | Reached skill level 3 in Fire Magic
   656 | D:1      | Gained mutation: Your demonic aura sometimes causes spilled
                  | blood to erupt in flames. [demonic ancestry]
   656 | D:1      | Reached XP level 2. HP: 17/19 MP: 5/5
  2005 | D:1      | Gained mutation: Your demonic aura often causes spilled
                  | blood to erupt in flames. [demonic ancestry]
  2005 | D:1      | Reached XP level 3. HP: 24/24 MP: 4/6
  2146 | D:1      | Learned a level 2 spell: Scorch
  2235 | D:2      | Found a faded altar of an unknown god.
  2613 | D:2      | Reached skill level 4 in Fire Magic
  2879 | D:2      | Gained mutation: Your movements are slightly less
                  | encumbered by armour. (ER -2) [demonic ancestry]
  2879 | D:2      | Reached XP level 4. HP: 30/30 MP: 4/7
  3593 | D:2      | Slain by an orc

Illustrated notes

Levels and vault maps discovered:
D:1:      sevenhm_arrival_forest_fort_small_6, layout_rooms,
          chequers_serial_rivers_room_a, serial_bayou_ford_a
D:2:      kennysheep_the_goblin_king, layout_basic,
          ebering_ecumenical_altar_mist, uniq_terence
D:3:      layout_loops_corners

Skill      XL: |  1  2  3 |
---------------+----------+-----
Fire Magic     | 3 4 |  4.3
Conjurations   | 2 |  2.2
Dodging        | |  1.7
Stealth        | |  1.7
Spellcasting   | |  2.0

Action                   |  1- 3 |  4- 6 || total
-------------------------+-------+-------++-------
Melee: Club              |    10 |       ||    10
       Dagger            |       |     1 ||     1
 Cast: Foxfire           |    62 |    20 ||    82
       Scorch            |       |     1 ||     1
  Use: Scroll            |       |     1 ||     1
       Potion            |       |     1 ||     1
Armor: Robe              |     1 |       ||     1
Dodge: Dodged            |    12 |     7 ||    19
